 Dungeon Crawl Stone Soup version 0.28.0-53-g5a82cb258f (webtiles) character file.

Game seed: 9632983738461791774

359 issech the Skirmisher (level 6, 0/53 HPs)
             Began as a Minotaur Monk on June 24, 2022.
             Succumbed to a gnoll's poison
             ... on level 5 of the Dungeon.
             The game lasted 00:09:50 (3717 turns).

issech the Skirmisher (Minotaur Monk)               Turns: 3717, Time: 00:09:50

Health: 0/53       AC:  9    Str: 16    XL:     6   Next: 37%
Magic:  5/5        EV:  8    Int:  7    God:
Gold:   183        SH:  0    Dex: 14    Spells: 5/5 levels left

rFire   . . .      SeeInvis .   r - +0 lajatang
rCold   . . .      Faith    .   (shield currently unavailable)
rNeg    + . .      Spirit   .   l - +0 chain mail
rPois   .          Reflect  .   (helmet restricted)
rElec   .          Harm     .   (no cloak)
rCorr   .          Rampage  .   (no gloves)
Will    .....                   (no boots)
Stlth   ..........              (no amulet)
HPRegen 0.17/turn               j - ring of wizardry
MPRegen 0.09/turn               b - ring of positive energy

@: lethally poisoned (0 -> -6), lit by a corona, glowing
A: horns 2, retaliatory headbutt
a: no special abilities


You were on level 5 of the Dungeon.
You visited 1 branch of the dungeon, and saw 5 of its levels.

You collected 203 gold pieces.
You spent 20 gold pieces at shops.

Inventory:

Hand Weapons
 a - a +0 hand axe
 c - a +0 mace
 f - a +0 dagger of draining
 r - a +0 lajatang (weapon)
 u - a +0 long sword
 G - a +0 hunting sling
Missiles
 d - 6 boomerangs (quivered)
 h - 149 stones
 m - 6 curare-tipped darts
 v - 48 arrows
 y - 6 atropa-tipped darts
 C - 2 poisoned darts
Armour
 l - a +0 chain mail (worn)
Jewellery
 b - a ring of positive energy (right hand)
 j - a ring of wizardry (left hand)
Scrolls
 e - 3 scrolls of identify
 i - 2 scrolls of torment
 n - 5 scrolls of teleportation
 q - 2 scrolls of magic mapping {unknown}
 s - a scroll of enchant armour {unknown}
 t - a scroll of amnesia {unknown}
 A - a scroll of enchant weapon {unknown}
 B - a scroll of holy word {unknown}
 D - 3 scrolls of brand weapon {unknown}
 E - a scroll of blinking {unknown}
 F - a scroll of silence {unknown}
Potions
 g - a potion of might {unknown}
 k - 2 potions of degeneration {unknown}
 o - 2 potions of curing {unknown}
 p - a potion of haste {unknown}
 w - 2 potions of magic {unknown}
 x - a potion of heal wounds {unknown}
 z - a potion of berserk rage {unknown}


   Skills:
 + Level 4.6 Fighting
 + Level 4.5 Axes
 + Level 4.3 Staves
 + Level 3.7 Armour
 + Level 3.9 Dodging
 + Level 2.0 Stealth


You had 5 spell levels left.
You didn't know any spells.
Your spell library contained the following spells:

 Spells                   Type           Power      Damage    Failure   Level
 Corpse Rot               Necr/Air       0%         N/A       98%         2
 Frozen Ramparts          Ice            0%         1d2       100%        3
 Gell's Gravitas          Tloc           0%         N/A       100%        3
 Lesser Beckoning         Tloc           0%         N/A       100%        3
 Teleport Other           Tloc           0%         N/A       100%        3
 Dispel Undead            Necr           0%         3d6       100%        4
 Ice Form                 Ice/Tmut       0%         N/A       100%        4
 Summon Ice Beast         Ice/Summ       0%         N/A       100%        4
 Death Channel            Necr           0%         N/A       100%        6


Dungeon Overview and Level Annotations

Branches:
Dungeon (5/15)
 Temple: D:4-7

Altars:

Shops:
D:2 *!


Innate Abilities, Weirdness & Mutations

You have a pair of horns on your head.
You reflexively headbutt those who attack you in melee.


Message History

The gnoll shaman calls down the wrath of its god upon you.
You are outlined in light.
The gnoll hits you but does no damage.
You are more poisoned.
The gnoll hits you but does no damage.
You completely miss the gnoll shaman.
You headbutt the gnoll shaman, but do no damage.
The gnoll shaman is severely wounded.
You feel very sick.
The gnoll shaman hits you with a +0 whip.
The gnoll hits you from afar with a +0 spear of venom.
You are more poisoned.
The gnoll hits you but does no damage.
You feel very sick. The orc hits you but does no damage.
You slash the orc!
You kill the orc!
You feel very sick.
The gnoll shaman hits you with a +0 whip.
The gnoll hits you from afar with a +0 spear of venom.
You are lethally poisoned!
The gnoll shaman barely misses you.
You feel very sick.
The gnoll shaman calls upon its god to speed up the gnoll.
The gnoll seems to speed up.
Things that are here:
a +0 hand axe; 3 boomerangs; an orc corpse
* * * LOW HITPOINT WARNING * * *
You feel very sick.
The gnoll shaman mumbles some strange prayers to its god.
The gnoll shaman is healed somewhat.
* * * LOW HITPOINT WARNING * * *
You feel very sick.
A gnoll comes into view. It is wielding a +0 halberd.
* * * LOW HITPOINT WARNING * * *
You feel very sick.
* * * LOW HITPOINT WARNING * * *
You feel very sick.
* * * LOW HITPOINT WARNING * * *
You feel sick.
You die...

###.# #†#
######.#
#....†)####
#.........#
#.#######.# #
#.# #.# #@#
#.# #.# #.# #
##g#####.#####
#...)g.g<..<..
#..#####......
.....# #####
#.###g##


You could see a gnoll shaman.

Vanquished Creatures
  A necrophage (D:4)
  A water moccasin skeleton (D:4)
  2 hounds (D:4)
  An orc wizard (D:5)
  2 hound skeletons (D:4)
  A howler monkey zombie (D:4)
  An adder (D:2)
  A gnoll (D:4)
  2 adder skeletons (D:4)
  2 worms (D:2)
  12 orcs
  6 endoplasms
  6 hobgoblins
  4 jackals (D:5)
  3 kobolds
  A quokka (D:2)
  4 ball pythons
  4 bats
  7 goblins
  2 rats
63 creatures vanquished.

Vanquished Creatures (others)
  6 fungi (D:2)
  6 plants (D:2)
12 creatures vanquished.

Grand Total: 75 creatures vanquished

Notes
Turn   | Place    | Note
-------+----------+-------------------------------------------
     0 | D:1      | issech the Minotaur Monk began the quest for the Orb.
     0 | D:1      | Reached XP level 1. HP: 19/19 MP: 0/0
   316 | D:1      | Reached XP level 2. HP: 17/26 MP: 1/1
   950 | D:2      | Found Nioh's Distillery.
  1133 | D:2      | Reached XP level 3. HP: 33/33 MP: 2/2
  1402 | D:2      | Found Yfooju's General Store.
  1701 | D:2      | Bought a scroll of identify for 20 gold pieces
  1815 | D:2      | Found a faded altar of an unknown god.
  2771 | D:4      | Reached skill level 1 in Armour
  2875 | D:4      | Reached XP level 4. HP: 38/40 MP: 3/3
  2932 | D:4      | Reached skill level 1 in Staves
  2935 | D:4      | Reached XP level 5. HP: 24/47 MP: 4/4
  3446 | D:4      | Noticed a necrophage
  3450 | D:4      | Killed a necrophage
  3451 | D:4      | Reached XP level 6. HP: 53/53 MP: 5/5
  3627 | D:5      | Entered Level 5 of the Dungeon
  3715 | D:5      | HP: 2/53 [poisoned by a gnoll]
  3717 | D:5      | Succumbed to a gnoll's poison

Illustrated notes

Levels and vault maps discovered:
D:1:      dpeg_arrival_fog, layout_loops_ring, minmay_ruptured
D:2:      layout_rooms, dreamdust_ecumenical_altar_hidden_monk_grotto,
          serial_shops, shop, shop
D:3:      layout_basic
D:4:      layout_rooms, grunt_decor_fettered, cheibrodos_gnoll_hut
D:5:      layout_loops_ring, chequers_temple_overflow_statue_of_worship,
          lemuel_temple_firewalk_b, st_stairs_4, corexii_corridor_pit

Skill      XL: |  1  2  3  4  5 |
---------------+----------------+-----
Axes           | 4 |  4.5
Fighting       | 4 |  4.6
Armour         | 1 3 |  3.7
Stealth        | 2 |  2.0
Staves         | 1 4 |  4.3
Dodging        | |  3.9

Action                   |  1- 3 |  4- 6 || total
-------------------------+-------+-------++-------
Melee: Hand axe          |    95 |       ||    95
       Headbutt          |    34 |    15 ||    49
       Lajatang          |    14 |    79 ||    93
       Punch             |     3 |       ||     3
  Use: Scroll            |     2 |       ||     2
 Stab: Sleeping          |     1 |       ||     1
Armor: Leather armour    |     3 |       ||     3
       Chain mail        |    28 |    78 ||   106
Dodge: Dodged            |    30 |    50 ||    80
